Map: Oxide LE

Players

Asuka

  • Race: Terran Terran
  • League: Gold
  • Spawn Location: 7:00

Pumba - Winner!

  • Race: Zerg Zerg
  • League: Bronze
  • Spawn Location: 1:00

VOD

Have the link to the VOD?

Description

Time

  • Played on: July 27, 2021, 6:13 p.m.
  • Length: 16:26
Show
View Real Time Build Order
Export as new Build Order

Asuka Terran 

Build Orders:  

Get SALT Encoding   

  12  0:00  SCV  
  13  0:12  SCV  
  14  0:20  Supply Depot  
  14  0:24  SCV  
  15  0:29  Refinery  
  15  0:43  Barracks  
  15  0:45  SCV  
  16  0:57  Refinery, SCV  
  17  1:09  SCV  
  18  1:21  SCV  
  19  1:30  Marine  
  20  1:38  Barracks  
  20  1:40  Orbital Command  
  20  1:50  Supply Depot  
  20  1:51  Marine  
  21  2:06  SCV  
  22  2:18  SCV  
  23  2:27  Barracks Tech Lab  
  23  2:28  Barracks Tech Lab  
  23  2:40  SCV  
  24  2:50  Ghost Academy, Marine x2  
  26  2:52  SCV  
  27  3:00  Command Center  
  27  3:04  SCV  
  28  3:08  Marine x2  
  30  3:19  SCV  
  31  3:21  Personal Cloaking  
  31  3:37  Supply Depot  
  31  3:58  Ghost x2  
  35  4:03  Supply Depot  
  35  4:06  Supply Depot  
  35  4:08  SCV  
  36  4:13  Orbital Command  
  36  4:21  SCV  
  37  4:26  Ghost  
  39  4:33  SCV  
  40  4:40  SCV  
  40  4:42  Ghost  
  40  4:45  SCV  
  44  4:53  Supply Depot  
  44  4:54  SCV  
  44  4:55  Ghost  
  44  4:57  SCV  
  44  4:59  Factory  
  48  5:06  SCV  
  49  5:11  Marine  
  49  5:14  Stimpack, Combat Shield  
  50  5:16  SCV  
  51  5:21  Engineering Bay  
  51  5:22  SCV  
  51  5:23  Marine  
  51  5:28  SCV  
  54  5:29  Marine  
  55  5:41  Marine  
  56  5:46  Ghost  
  58  5:59  Ghost  
  60  6:15  Marine  
  61  6:28  Marine  
  55  6:33  Marine  
  43  6:45  Marine  
  43  6:50  Ghost  
  43  7:03  Ghost  
Show
View Real Time Build Order
Export as new Build Order

Pumba Zerg - Winner!

Build Orders: Pool First 

Get SALT Encoding   

  12  0:02  Drone  
  13  0:12  Overlord  
  13  0:16  Drone  
  14  0:30  Drone x2  
  16  0:37  Drone  
  17  0:45  Spawning Pool  
  17  0:49  Drone  
  17  1:10  Hatchery  
  16  1:12  Drone  
  16  1:16  Extractor  
  16  1:25  Drone x2  
  18  1:29  Drone  
  19  1:34  Queen  
  21  1:45  Overlord  
  21  1:57  Drone  
  22  2:05  Drone  
  23  2:09  Queen  
  25  2:17  Drone  
  26  2:25  Overlord x2  
  26  2:35  Metabolic Boost  
  26  2:47  Zergling x2  
  27  2:51  Drone x5  
  32  3:02  Drone  
  32  3:03  Drone  
  34  3:11  Roach Warren  
  33  3:28  Drone x7, Overlord  
  40  3:38  Overlord  
  40  3:45  Extractor  
  40  3:47  Extractor  
  40  3:48  Lair, Extractor  
  38  3:53  Drone x3  
  38  3:54  Drone  
  41  4:01  Drone x3  
  44  4:06  Drone  
  44  4:07  Drone x2  
  44  4:09  Drone x2  
  49  4:16  Overlord x2  
  49  4:36  Roach x5  
  49  4:38  Overlord x3  
  58  4:56  Glial Reconstitution  
  58  5:03  Roach x7  
  58  5:04  Roach x2  
  58  5:05  Overlord  
  76  5:16  Overseer  
  76  5:18  Overseer  
  76  5:22  Overlord  
  76  5:23  Hatchery, Overlord  
  75  5:35  Roach x8  
  89  6:12  Roach x8  
  89  6:14  Overlord x3  
  99  6:49  Roach x6  
  99  6:55  Roach  
  99  7:10  Overlord  
  99  7:13  Overlord  
  99  7:19  Overlord x3  
  99  7:27  Drone x5  
  99  11:23  Roach  
  99  11:24  Roach x3  
  99  14:58  Zergling x10  
Tags
 
Add a new tag
Caveats
  • Supply blocks, unpowered buildings, or Contaminate may cause inaccurate times.
  • Supply counts are checked every 10 seconds.